 Dungeon Crawl Stone Soup version 0.28.0-62-gf88900778d (webtiles) character file.

Game seed: 7162426256627355616

95 macfelon the Conjurer (level 4, -5/24 HPs)
             Began as a Deep Elf Conjurer on June 29, 2023.
             Shot with an arrow by a centaur (7 damage)
             ... on level 3 of the Dungeon.
             The game lasted 00:05:54 (2685 turns).

macfelon the Conjurer (Deep Elf Conjurer)           Turns: 2685, Time: 00:05:55

Health: -5/24      AC:  3    Str:  4    XL:     4   Next: 39%
Magic:  7/12       EV: 12    Int: 25    God:
Gold:   64         SH:  0    Dex: 13    Spells: 8/11 levels left

rFire   . . .      SeeInvis .   (no weapon)
rCold   . . .      Faith    .   (no shield)
rNeg    . . .      Spirit   .   a - +0 robe
rPois   .          Reflect  .   (no helmet)
rElec   .          Harm     .   (no cloak)
rCorr   .          Rampage  .   (no gloves)
Will    .....                   j - +0 pair of boots
Stlth   ++........              (no amulet)
HPRegen 0.08/turn               (no ring)
MPRegen 0.13/turn               (no ring)

@: no status effects
A: no striking features
a: no special abilities


You were on level 3 of the Dungeon.
You visited 1 branch of the dungeon, and saw 3 of its levels.

You collected 144 gold pieces.
You spent 80 gold pieces at shops.

Inventory:

Missiles
 h - 5 curare-tipped darts
Armour
 a - a +0 robe (worn)
 j - a +0 pair of boots (worn)
Scrolls
 b - a scroll of vulnerability {unknown}
 c - a scroll of holy word {unknown}
 d - 4 scrolls of identify {unknown}
Potions
 e - 2 potions of heal wounds
 f - a potion of flight {unknown}
 g - 2 potions of curing
 i - a potion of ambrosia {unknown}
 k - a potion of resistance {unknown}


   Skills:
 + Level 3.0 Dodging
 + Level 2.8 Stealth
 + Level 4.0 Spellcasting
 + Level 5.7 Conjurations


You had 8 spell levels left.
You knew the following spells:

 Your Spells              Type           Power      Damage    Failure   Level
a - Magic Dart            Conj           100%       1d8       1%          1
b - Searing Ray           Conj           66%        2d6       1%          2

Your spell library contained the following spells:

 Spells                   Type           Power      Damage    Failure   Level
 Dazzling Flash           Conj/Hex       38%        N/A       9%          3
 Fulminant Prism          Conj/Hex       9%         3d7       28%         4
 Iskenderun's Mystic Bla  Conj/Tloc      19%        2d6       28%         4


Dungeon Overview and Level Annotations

Branches:
Dungeon (3/15)

Altars:
Makhleb
Okawaru

Shops:
D:1 [:*(!   D:2 !


Message History

Aiming: Magic Dart (safe; 1% risk of failure)
Press: ? - help, Shift-Dir - straight line, f - rat
Aim: a rat (wandering, hasn't noticed you, 100% to hit)
The magic dart hits the rat.
You kill the rat!
You see here a +0 club.
Found 5 silver javelins and 10 stones.
You see here a +1 chain mail of fire resistance.
Found a stone staircase leading down.
There is a stone staircase leading down here.
You see here a +1 chain mail of fire resistance.
You see here 10 stones.
A goblin and a centaur come into view.
Casting: Magic Dart (safe; 1% risk of failure)
Confirm with . or Enter, or press ? or * to list all spells.
Aiming: Searing Ray (safe; 1% risk of failure)
Press: ? - help, Shift-Dir - straight line, f - goblin
Aim: a goblin, wielding a +0 club (asleep, 100% to hit)
(Press . to maintain the ray.)
Casting: Searing Ray (safe; 1% risk of failure)
Confirm with . or Enter, or press ? or * to list all spells.
Restarting spell: Searing Ray (safe; 1% risk of failure)
Press: ? - help, Shift-Dir - straight line, f - centaur
Aim: a centaur, quivering arrows (asleep, 100% to hit)
The searing ray hits the centaur!
The centaur is moderately wounded.
The centaur shouts! (Press . to maintain the ray.)
The centaur wields a +0 shortbow.
The centaur shoots an arrow.
The arrow hits you!
The goblin shouts!
The searing ray hits the centaur!
The centaur is severely wounded.
The searing ray hits the goblin!
You kill the goblin!
The centaur shoots an arrow.
The arrow hits you!
Ouch! That really hurt!
* * * LOW HITPOINT WARNING * * *
The centaur shoots an arrow.
The arrow hits you!
You die...

............. ####.......#
# #.#####..# ## # #..# . .#
# ##.### #)# # #...# ##.c
.######.# ##..
.....##.#####.#..########
#....#.......@≈≈≈≈≈≈≈≈.#
####...#######.......≈.#
######...#......######.≈.#
.##.......#.≈≈≈≈≈.....#.≈.
P #.###...#.≈....≈≈≈≈.#.≈#
###.# #...#.≈.###...≈.#.≈#
##..###.#†#.≈.#_.##.≈.#.≈#
...#....#.#.≈.#...#.≈.#.≈#
#....##..#.≈.#.≈...≈.#.≈.##


You could see a centaur.

Vanquished Creatures
  Natasha (D:2)
  2 adders
  A dart slug (D:1)
  5 ball pythons
  5 endoplasms
  3 giant cockroaches
  4 goblins (D:3)
  6 hobgoblins
  3 quokkas
  6 bats
  2 frilled lizards (D:3)
  5 kobolds
  4 rats
47 creatures vanquished.

Notes
Turn   | Place    | Note
-------+----------+-------------------------------------------
     0 | D:1      | macfelon the Deep Elf Conjurer began the quest for the Orb.
     0 | D:1      | Reached XP level 1. HP: 10/10 MP: 6/6
   301 | D:1      | Found Eveyph's Antique Armour Boutique.
   335 | D:1      | Found Kaehucil's General Store.
   449 | D:1      | Found Yfibudof's Weapon Emporium.
   466 | D:1      | Reached XP level 2. HP: 15/15 MP: 4/8
   561 | D:1      | Learned a level 2 spell: Searing Ray
   633 | D:1      | Found Fymafimp's Book Shop.
   742 | D:1      | Reached skill level 5 in Conjurations
   873 | D:1      | Found Ycwugil's Distillery.
   882 | D:1      | Bought a potion of curing for 30 gold pieces
   910 | D:1      | Found a faded altar of an unknown god.
  1291 | D:2      | Found Feb Oxybu's Distillery.
  1301 | D:2      | Reached XP level 3. HP: 19/19 MP: 6/9
  1324 | D:2      | Bought a potion of heal wounds for 50 gold pieces
  1938 | D:2      | Noticed Natasha
  1941 | D:2      | Killed Natasha
  1942 | D:2      | Reached XP level 4. HP: 24/24 MP: 6/11
  2128 | D:3      | Found an iron altar of Okawaru.
  2137 | D:3      | Found a burning altar of Makhleb.
  2682 | D:3      | Noticed a centaur
  2685 | D:3      | Shot with an arrow by a centaur

Illustrated notes

Levels and vault maps discovered:
D:1:      wander_arrival_lonely_grave, layout_loops_corners, serial_shops, shop,
          nicolae_shop_hallway_plus, shop, nicolae_shop_trees, shop,
          hellmonk_ecumenical_altar_blasted
D:2:      layout_basic, serial_shops, shop_coins, uniq_natasha
D:3:      layout_rooms, nicolae_overflow_squiral, serial_aquarium,
          aquarium_bridge_square [aquarium_subvault_balcony,
          aquarium_subvault_bridge, aquarium_subvault_window,
          aquarium_subvault_bridge], aquarium_bridge_square
          [aquarium_subvault_wall, aquarium_subvault_bridge,
          aquarium_subvault_balcony, aquarium_subvault_wall],
          aquarium_window_fake, aquarium_window_fake, aquarium_view_2a,
          aquarium_view_2d, aquarium_pool_2, minmay_fractal_squares_gapless_5

Skill      XL: |  1  2  3  4 |
---------------+-------------+-----
Conjurations   | 5 |  5.7
Spellcasting   | 4 |  4.0
Dodging        | 3 |  3.0
Stealth        | |  2.8

Action                   |  1- 3 |  4- 6 || total
-------------------------+-------+-------++-------
 Cast: Magic Dart        |    61 |    21 ||    82
       Searing Ray       |     1 |     4 ||     5
  Use: Scroll            |     1 |       ||     1
Armor: Robe              |     2 |       ||     2
Dodge: Dodged            |     2 |     1 ||     3
